 Dungeon Crawl Stone Soup version 0.30-a0-948-g4fa250aae5 (webtiles) character file.

Game seed: 419869508280021882

261 Mickster the Trooper (level 6, 0/53 HPs)
             Began as a Hill Orc Berserker on Mar 27, 2023.
             Was a Believer of Trog.
             Slain by a gnoll
             ... wielding a +0 whip
              (6 damage)
             ... on level 4 of the Dungeon.
             The game lasted 00:24:37 (1995 turns).

Mickster the Trooper (Hill Orc Berserker)           Turns: 1995, Time: 00:24:37

Health: 0/53       AC:  6    Str: 21 (22) XL:     6   Next: 18%
Magic:  6/6        EV: 10    Int: 12 (13) God:    Trog [**....]
Gold:   134        SH:  0    Dex:  8 (10) Spells: 5/5 levels left

rFire   . . .      SeeInvis .    j - +0 falchion (elec)
rCold   . . .      Faith    .    (no shield)
rNeg    . . .      Spirit   .    b - +0 scale mail
rPois   .          Reflect  .    (no helmet)
rElec   .          Rampage  .    (no cloak)
rCorr   .                        (no gloves)
Will    .....                    (no boots) Stlth
                                 f - amulet of the acrobat
HPRegen 0.28/turn                g - +6 ring of intelligence
MPRegen 0.10/turn                (no ring)

@: mighty
A: no striking features
a: Renounce Religion, Berserk, Trog's Hand


You were on level 4 of the Dungeon.
You worshipped Trog.
Trog was pleased with you.
You visited 1 branch of the dungeon, and saw 4 of its levels.

You collected 134 gold pieces.

Inventory:

Hand Weapons
 a - a +0 hand axe
 j - a +0 falchion of electrocution (weapon)
Missiles
 i - 5 poisoned darts (quivered)
 l - 2 throwing nets
 m - 3 stones
Armour
 b - a +0 scale mail (worn)
 h - a +0 ring mail
Jewellery
 f - an amulet of the acrobat (around neck)
 g - a +6 ring of intelligence (left hand)
Wands
 n - a wand of digging (5)
Scrolls
 d - a scroll of fear
Potions
 k - 2 potions of curing


   Skills:
 + Level 4.6 Fighting
 * Level 3.8 Long Blades
 - Level 4.4 Axes
 + Level 3.6 Armour
 + Level 2.3 Dodging
 + Level 0.7 Stealth


You had 5 spell levels left.
You didn't know any spells.
Your spell library was empty.

Dungeon Overview and Level Annotations

Branches:
Dungeon (4/15)
 Temple: D:4-7

Altars:
Yredelemnul

Annotations:
D:3 1 runed translucent door


Message History

You start waiting.
Done waiting.
Save game and exit?
Welcome back, Mickster the Hill Orc Berserker.
Trog says: Kill them all!
Press ? for a list of commands and other information.
Found 3 silver javelins.
A gnoll comes into view. It is wielding a +0 whip.
Found a pair of boots.
The gnoll shouts!
You hear a shout!
A gnoll comes into view.
It is wielding a +2 halberd of protection.
Found a stone staircase leading up.
The gnoll throws a throwing net.
The throwing net completely misses you.
You see here a throwing net.
You feel very mighty all of a sudden. The gnoll completely misses you.
You hit the gnoll.
The gnoll is moderately wounded.
The gnoll hits you with a +0 whip.
The gnoll hits you from afar with a +2 halberd of protection!
You closely miss the gnoll.
The gnoll is moderately wounded.
The gnoll hits you with a +0 whip. The gnoll completely misses you.
You completely miss the gnoll.
The gnoll is moderately wounded.
The gnoll hits you with a +0 whip.
The gnoll hits you from afar with a +2 halberd of protection!
You slash the gnoll!
The gnoll is almost dead.
The gnoll hits you with a +0 whip.
The gnoll hits you from afar with a +2 halberd of protection!
* * * LOW HITPOINT WARNING * * *
The gnoll hits you from afar with a +2 halberd of protection.
* * * LOW HITPOINT WARNING * * *
The gnoll hits you with a +0 whip.
* * * LOW HITPOINT WARNING * * *
You closely miss the gnoll.
The gnoll is almost dead.
The gnoll hits you with a +0 whip.
You die...

.#g# # #. .g[...#.. # #.
###..#.#.#.. #. #.##...
...... #..##.#..####...#..
#............(.....
.........g.......<.
...........g.......
...##.#.###@##..#..
...........(# .....
......#..#####.....#.#. .
..#####..####......... . .
...................... .
.#####...####..#....######.
.#####...####..#.#....#.##.
.................##........
.#####...#.................


You could see 2 gnolls.

Vanquished Creatures
  A phantom (D:3)
  A human skeleton (D:3)
  2 iguanas (D:4)
  4 gnolls (D:3)
  2 adders
  A worm (D:3)
  5 orcs (D:3)
  4 endoplasms
  2 giant cockroaches
  2 goblins (D:1)
  2 hobgoblins
  6 jackals
  A quokka (D:1)
  6 ball pythons
  2 bats
  4 frilled lizards
  A goblin skeleton (D:3)
  A rat (D:1)
47 creatures vanquished.

Notes
Turn   | Place    | Note
-------+----------+-------------------------------------------
     0 | D:1      | Mickster the Hill Orc Berserker began the quest for the
                  | Orb.
     0 | D:1      | Reached XP level 1. HP: 19/19 MP: 1/1
   344 | D:1      | Reached XP level 2. HP: 27/27 MP: 2/2
   606 | D:1      | Found a faded altar of an unknown god.
   912 | D:2      | You fall into a shaft and drop 1 floor!
   984 | D:3      | Reached XP level 3. HP: 33/33 MP: 3/3
  1140 | D:3      | Reached ** piety under Trog
  1141 | D:3      | Reached skill level 1 in Long Blades
  1148 | D:3      | Reached XP level 4. HP: 12/40 MP: 4/4
  1157 | D:3      | Noticed a phantom
  1179 | D:3      | Killed a phantom
  1180 | D:3      | Reached XP level 5. HP: 14/47 MP: 5/5
  1204 | D:3      | Found a runed translucent door.
  1204 | D:3      | Noticed a human
  1237 | D:3      | Found a basalt altar of Yredelemnul.
  1686 | D:4      | Reached XP level 6. HP: 53/53 MP: 6/6
  1995 | D:4      | Slain by a gnoll

Illustrated notes

Levels and vault maps discovered:
D:1:      eino_arrival_cavern_e, layout_basic, shapermc_ecumenical_altar_venn
D:2:      layout_rooms, kennysheep_decorative_pillar
D:3:      layout_loops_ring, dk_yredelemnul_ordeal, nicolae_elevator_lobby_plus
D:4:      layout_basic

Skill      XL: |  1  2  3  4 |
---------------+-------------+-----
Fighting       | 4 |  4.6
Dodging        | 2 |  2.3
Long Blades    | 1 3 |  3.8
Armour         | 3 |  3.6
Axes           | |  4.4
Stealth        | |  0.7

Action                     |  1- 3 |  4- 6 || total
---------------------------+-------+-------++-------
  Melee: Hand axe          |    52 |       ||    52
         Falchion          |    31 |   103 ||   134
         Punch             |       |     1 ||     1
 Invoke: Berserk           |     1 |       ||     1
    Use: Scroll            |     2 |     2 ||     4
         Potion            |     1 |     2 ||     3
 Armour: Animal skin       |     5 |       ||     5
         Scale mail        |    14 |    38 ||    52
         Ring mail         |     1 |       ||     1
  Dodge: Dodged            |    67 |    69 ||   136

Table legend: (Time is in decaauts)
 A = Elapsed time spent in this place.
 B = Non-inter-level travel time spent in this place.
 C = Inter-level travel time spent in this place.
 D = Time resting spent in this place.
 E = Time spent auto-exploring this place.
 F = Levels seen in this place.
 G = Mean time per level.
                   A        B        C        D        E       F      G
               +--------+--------+--------+--------+--------+-----+--------+
         Total |   2027 |   1950 |     77 |    161 |      0 |   4 |  506.8 |
       Dungeon |   2027 |   1950 |     77 |    161 |      0 |   4 |  506.8 |
               +--------+--------+--------+--------+--------+-----+--------+

Top non-repeatable levels by time:
     D:1: 900 daAuts
     D:3: 701 daAuts
     D:4: 410 daAuts
     D:2: 15 daAuts
